Map: Cosmic Sapphire

Players

LiquidElazer (Elazer) - Winner!

  • Race: Zerg Zerg
  • League: Master
  • Spawn Location: 5:00

LiquidMaNa (MaNa)

  • Race: Protoss Protoss
  • League: Grandmaster
  • Spawn Location: 11:00

VOD

Have the link to the VOD?

Description

Time

  • Played on: Oct. 19, 2022, 1:40 p.m.
  • Length: 17:22
Show
View Real Time Build Order
Export as new Build Order

LiquidElazer Zerg - Winner!

Build Orders: Hatch First 

Get SALT Encoding   

  12  0:00  Drone  
  13  0:12  Overlord  
  13  0:16  Drone  
  14  0:30  Drone x2  
  16  0:49  Hatchery  
  15  0:51  Drone  
  15  0:54  Drone  
  17  0:57  Drone  
  18  1:08  Extractor  
  17  1:12  Spawning Pool  
  17  1:15  Drone  
  17  1:20  Drone  
  18  1:28  Drone  
  19  1:39  Drone  
  20  1:49  Overlord  
  20  2:00  Queen  
  20  2:01  Queen, Drone  
  24  2:02  Zergling x2  
  26  2:12  Zergling x2, Metabolic Boost  
  26  2:13  Drone  
  28  2:22  Drone  
  29  2:23  Drone  
  30  2:33  Drone x2  
  30  2:36  Queen  
  34  2:47  Drone, Overlord  
  35  2:53  Hatchery  
  35  2:57  Drone  
  35  2:58  Drone  
  36  3:05  Queen  
  36  3:08  Drone x3  
  36  3:11  Drone  
  42  3:16  Queen  
  44  3:21  Overlord  
  44  3:23  Overlord  
  44  3:40  Drone x5  
  49  3:44  Drone x3  
  49  3:48  Queen  
  54  3:51  Spore Crawler  
  54  3:52  Overlord  
  54  3:53  Queen  
  55  4:02  Drone x2  
  57  4:06  Zergling x6  
  60  4:13  Zergling x4  
  62  4:17  Overlord  
  62  4:21  Zergling x8  
  66  4:26  Zergling x6  
  66  4:29  Overlord  
  69  4:35  Zergling x4  
  70  4:39  Overlord  
  70  4:42  Zergling x2  
  70  4:46  Zergling x8  
  70  4:52  Zergling x4  
  75  4:56  Zergling x8  
  75  4:59  Queen x2  
  75  5:00  Queen  
  75  5:05  Zergling x6  
  84  5:13  Zergling x2, Roach Warren  
  84  5:14  Zergling x6  
  87  5:20  Zergling x8  
  90  5:27  Zergling x6  
  80  5:37  Zergling x10  
  82  5:43  Zergling x4  
  79  5:56  Zergling x12  
  73  6:03  Zergling x2  
  65  6:12  Zergling x12  
  70  6:24  Roach x4  
  77  6:37  Zergling x2  
  77  6:38  Zergling x12  
  80  6:41  Roach  
  82  6:47  Zergling x2  
  73  7:09  Drone x6  
  73  7:19  Zergling x6  
  73  7:20  Queen x2  
  75  7:27  Zergling x4  
  70  7:38  Roach x3  
  76  7:46  Roach x2  
  76  7:47  Roach  
  82  7:54  Zergling x4  
  82  7:56  Spore Crawler x2  
  82  8:03  Zergling x4  
  84  8:10  Zergling x4  
  86  8:19  Zergling x10  
  82  8:26  Zergling x4  
  75  8:30  Queen  
  74  8:36  Drone x9  
  81  8:42  Drone x3  
  84  8:50  Drone x2  
  84  8:54  Drone x2  
  88  8:57  Drone  
  89  9:04  Overlord  
  89  9:12  Overlord  
  89  9:13  Queen, Extractor x2  
  89  9:15  Overlord  
  89  9:22  Queen x2, Overlord  
  89  9:23  Overlord  
  93  9:26  Ravager  
  93  9:29  Drone x3  
  97  9:31  Drone x2  
  97  9:32  Drone x3  
  97  9:37  Drone  
  103  9:44  Ravager  
  103  9:45  Zergling x10, Ravager  
  110  9:49  Ravager  
  110  9:50  Zergling x2  
  110  9:51  Zergling x2  
  113  9:59  Roach x2  
  116  10:04  Zergling x10  
  116  10:05  Zergling x6  
  113  10:16  Roach x3  
  114  10:29  Lair  
  114  10:32  Overlord  
  114  10:34  Drone x5  
  119  10:36  Drone  
  120  10:45  Drone x3  
  120  10:47  Hatchery  
  120  10:48  Drone  
  123  10:50  Hatchery  
  122  10:57  Drone x2  
  122  10:58  Extractor  
  122  11:00  Drone x6  
  122  11:01  Extractor  
  122  11:02  Drone, Extractor  
  127  11:06  Evolution Chamber  
  127  11:07  Drone  
  127  11:09  Drone  
  128  11:15  Drone  
  128  11:19  Drone  
  128  11:21  Overlord  
  129  11:28  Overlord  
  129  11:29  Glial Reconstitution  
  129  11:31  Roach x4  
  129  11:32  Baneling Nest, Overlord  
  136  11:33  Pneumatized Carapace, Overlord x2  
  136  11:35  Zerg Missile Weapons Level 1  
  136  11:40  Roach x4  
  136  11:44  Infestation Pit  
  136  11:46  Overlord  
  143  11:50  Drone x4  
  143  11:53  Overlord  
  147  12:04  Overlord  
  147  12:05  Roach  
  147  12:06  Roach x9  
  166  12:16  Overlord  
  166  12:20  Centrifugal Hooks  
  166  12:22  Baneling x12  
  166  12:24  Zergling x10  
  166  12:28  Hive  
  171  12:37  Zergling x10  
  171  12:38  Zergling x10  
  166  12:56  Roach x12  
  167  12:59  Zergling x10  
  166  13:06  Overseer x2  
  166  13:08  Overseer  
  162  13:17  Drone  
  162  13:18  Drone x10  
  170  13:28  Overlord  
  170  13:29  Drone x4  
  173  13:43  Viper x2  
  173  13:47  Zergling x18  
  187  14:05  Spore Crawler  
  187  14:07  Drone, Spine Crawler  
  187  14:08  Adrenal Glands  
  187  14:09  Zerg Melee Weapons Level 1  
  187  14:10  Drone x4  
  187  14:16  Zergling x18  
  199  14:28  Baneling x10  
  199  14:29  Baneling x9  
  198  14:34  Zergling x4  
  199  14:38  Overseer  
  199  14:39  Overseer  
  199  14:47  Baneling x11  
  199  14:52  Extractor x2  
  197  15:00  Hatchery  
  197  15:05  Drone  
  197  15:06  Evolution Chamber  
  196  15:09  Drone x3  
  176  15:32  Roach x16  
  188  15:39  Roach x11  
  188  15:42  Viper  
  196  15:49  Zergling x12  
  200  16:16  Baneling x11  
  200  16:17  Baneling  
  189  16:51  Zergling x38  
  199  16:55  Overseer  
  195  17:02  Zergling x2  
  195  17:03  Zergling x12  
Show
View Real Time Build Order
Export as new Build Order

LiquidMaNa Protoss 

Build Orders: 1 Gate Expand 

Get SALT Encoding   

  12  0:00  Probe  
  13  0:12  Probe  
  14  0:22  Pylon  
  14  0:24  Probe  
  15  0:40  Probe (Chrono Boost)  
  16  0:44  Gateway  
  16  0:49  Probe (Chrono Boost)  
  17  0:53  Assimilator  
  17  0:55  Probe (Chrono Boost)  
  18  1:07  Probe (Chrono Boost)  
  19  1:13  Probe (Chrono Boost)  
  20  1:21  Probe  
  21  1:28  Nexus  
  21  1:40  Cybernetics Core  
  21  1:42  Probe  
  22  1:49  Assimilator  
  22  1:54  Probe  
  22  1:56  Pylon  
  23  2:14  Probe (Chrono Boost)  
  24  2:17  Adept  
  24  2:22  Warp Gate  
  26  2:26  Probe (Chrono Boost)  
  27  2:31  Probe (Chrono Boost)  
  27  2:34  Twilight Council  
  28  2:40  Probe (Chrono Boost)  
  30  2:47  Probe (Chrono Boost), Stalker  
  30  2:50  Probe (Chrono Boost)  
  33  2:54  Probe (Chrono Boost)  
  33  2:55  Robotics Facility, Probe (Chrono Boost)  
  35  3:05  Probe  
  36  3:07  Probe  
  36  3:12  Resonating Glaives (Chrono Boost)  
  37  3:13  Gateway  
  37  3:17  Probe  
  37  3:19  Probe  
  39  3:21  Adept  
  39  3:26  Pylon  
  41  3:44  Nexus, Observer (Chrono Boost)  
  41  3:46  Pylon  
  42  3:53  Gateway  
  42  3:54  Gateway  
  42  3:59  Warp Prism (Chrono Boost)  
  44  4:12  Gateway  
  44  4:14  Gateway  
  44  4:18  Adept  
  44  4:20  Adept  
  44  4:22  Probe  
  49  4:24  Probe  
  50  4:40  Probe x2  
  51  4:48  Adept x4  
  59  4:57  Probe x2  
  59  4:58  Pylon  
  61  5:08  Adept x4  
  61  5:09  Adept x2  
  61  5:11  Probe  
  61  5:13  Probe  
  71  5:31  Adept x3  
  74  5:38  Adept  
  74  5:39  Adept  
  75  5:43  Pylon  
  75  5:44  Assimilator  
  75  5:46  Assimilator, Pylon  
  75  5:48  Pylon  
  61  6:03  Adept x5  
  67  6:07  Adept  
  67  6:09  Probe x2  
  63  6:25  Adept x4  
  71  6:27  Adept  
  71  6:32  Pylon  
  73  6:35  Pylon  
  71  6:46  Adept x3  
  77  7:03  Adept x3  
  77  7:13  Adept x3  
  77  7:15  Probe  
  78  7:21  Probe  
  69  7:27  Probe  
  64  7:35  Adept x2  
  64  7:36  Adept x4  
  74  7:39  Probe  
  75  7:45  Robotics Bay  
  73  7:57  Adept x2  
  73  7:58  Adept x2  
  79  8:09  Immortal (Chrono Boost)  
  81  8:19  Adept x3  
  87  8:26  Probe  
  59  8:45  Disruptor (Chrono Boost)  
  62  8:50  Stalker x5  
  62  8:53  Adept  
  74  9:16  Adept x4  
  74  9:17  Adept  
  84  9:18  Stalker  
  86  9:33  Nexus  
  86  9:48  Adept, Stalker x2  
  86  9:50  Sentry x2  
  86  9:51  Sentry  
  86  10:14  Stalker x4  
  86  10:17  Disruptor (Chrono Boost)  
  79  10:21  Stalker x5  
  82  10:32  Pylon  
  82  10:34  Stalker  
  84  10:37  Probe x2  
  86  10:44  Disruptor (Chrono Boost)  
  89  10:51  Shield Battery, Probe  
  89  10:53  Probe  
  89  10:54  Shield Battery  
  91  11:03  Probe  
  92  11:06  Assimilator  
  92  11:12  Blink (Chrono Boost)  
  92  11:16  Probe  
  92  11:17  Assimilator  
  91  11:20  Dark Shrine  
  91  11:25  Colossus  
  91  11:27  Probe x2  
  91  11:28  Probe  
  94  11:39  Probe x2  
  102  11:47  Adept x2  
  102  11:53  Pylon  
  106  12:08  Nexus  
  106  12:18  Colossus  
  112  12:32  Shield Battery, Dark Templar x4  
  112  12:33  Shield Battery  
  118  13:04  Nexus  
  118  13:08  Shield Battery  
  118  13:10  Pylon  
  118  13:20  Probe  
  118  13:21  Probe  
  118  13:27  Templar Archives  
  114  13:28  Probe  
  114  13:30  Dark Templar  
  114  13:31  Dark Templar x2  
  114  13:33  Pylon  
  121  13:38  Observer  
  121  13:39  Archon  
  121  13:40  Archon  
  120  13:50  Shield Battery  
  120  13:51  Forge  
  120  13:55  Shield Battery  
  120  13:57  Psionic Storm  
  120  14:00  Shield Battery  
  120  14:02  Immortal (Chrono Boost)  
  124  14:04  High Templar x4  
  132  14:13  Probe  
  133  14:19  Protoss Ground Weapons Level 1 (Chrono Boost)  
  133  14:20  Pylon  
  133  14:21  Pylon  
  133  14:28  Dark Templar x2  
  138  14:31  Probe  
  138  14:33  Archon  
  136  14:47  Stalker x4  
  144  14:55  Observer  
  144  14:57  Colossus  
  144  14:58  Probe  
  144  14:59  Probe  
  152  15:04  Assimilator  
  152  15:05  Assimilator  
  152  15:19  Dark Templar x4  
  146  15:33  Observer  
  119  15:38  Archon  
  113  15:43  Dark Templar x2  
  117  15:50  Disruptor  
  117  15:52  Archon  
  117  15:55  Zealot x4  
  128  16:04  Pylon  
  128  16:05  Probe x3  
  131  16:20  High Templar x4  
  131  16:25  Shield Battery  
  137  16:26  Shield Battery, Probe x3  
  137  16:29  Probe  
  147  16:38  Probe x2  
  147  16:39  Probe  
  114  16:55  Stalker x6  
  118  17:01  Archon  
Tags
 
Add a new tag
Caveats
  • Supply blocks, unpowered buildings, or Contaminate may cause inaccurate times.
  • Supply counts are checked every 10 seconds.